 Dungeon Crawl Stone Soup version 0.29.1-15-g9cfb28693d (webtiles) character file.

Game seed: 12264020586039225955

1067 croobank the Firebug (level 8, -2/87 HPs)
             Began as a Gnoll Fire Elementalist on Apr 29, 2023.
             Was an Initiate of Gozag.
             Slain by an orc priest
             ... wielding a +0 mace
              (3 damage)
             ... on level 5 of the Dungeon.
             The game lasted 00:27:06 (5995 turns).

croobank the Firebug (Gnoll Fire Elementalist)      Turns: 5995, Time: 00:27:06

Health: -2/87      AC: 24    Str:  8    XL:     8   Next: 28%
Magic:  17/17      EV:  2    Int: 17    God:    Gozag
Gold:   531        SH:  0    Dex: 12    Spells: 9/19 levels left

rFire   . . .      SeeInvis .   v - +1 dagger (drain)
rCold   . . .      Faith    .   (no shield)
rNeg    . . .      Spirit   .   (body armour currently unavailable)
rPois   +          Reflect  .   (helmet currently unavailable)
rElec   .          Harm     .   (cloak currently unavailable)
rCorr   .          Rampage  .   (gloves currently unavailable)
Will    .....      NoTele   +   (boots currently unavailable)
Stlth   +++.......              (no amulet)
HPRegen 0.24/turn               c - +4 ring of evasion
MPRegen 0.15/turn               (no ring)

@: tree-form, very slightly contaminated, hasted, very quick
A: stationary, stasis, torment immunity, boosted hp, (fangs 1), strong nose,
distributed training
a: Renounce Religion, Potion Petition, Call Merchant, Bribe Branch


You were on level 5 of the Dungeon.
You worshipped Gozag.
Gozag was pleased with you.
You were a tree.
You visited 1 branch of the dungeon, and saw 5 of its levels.

You collected 601 gold pieces.
You paid 70 gold pieces to Gozag.

Inventory:

Hand Weapons
 b - a +0 sling
 s - a +0 long sword
 t - a +0 morningstar
 v - a +1 dagger of draining (weapon)
Missiles
 i - 5 poisoned darts
 y - 3 javelins
Armour
 e - a +0 ring mail
 n - a +0 cloak (melded)
 u - a +0 leather armour (melded)
Jewellery
 c - a +4 ring of evasion (left branch)
Wands
 l - a wand of paralysis (12)
 w - a wand of light (7)
Scrolls
 a - a scroll of amnesia
 f - a scroll of identify
 k - a scroll of fear
Potions
 d - a potion of mutation
 g - a potion of brilliance
 h - 3 potions of might
 m - a potion of lignification
 r - a potion of cancellation {unknown}
 x - a potion of attraction {unknown}
 z - a potion of heal wounds {unknown}


   Skills:
 + Level 3.2 Fighting
 + Level 3.2 Short Blades
 + Level 3.2 Long Blades
 + Level 3.2 Axes
 + Level 3.2 Maces & Flails
 + Level 3.2 Polearms
 + Level 3.2 Staves
 + Level 3.2 Ranged Weapons
 + Level 3.2 Throwing
 + Level 3.2 Armour
 + Level 5.6 Dodging
 + Level 5.3 Stealth
 + Level 3.2 Shields
 + Level 3.2 Unarmed Combat
 + Level 6.0 Spellcasting
 + Level 3.4 Conjurations
 + Level 2.6 Hexes
 + Level 2.6 Summonings
 + Level 2.6 Necromancy
 + Level 2.6 Translocations
 + Level 2.6 Transmutations
 + Level 6.1 Fire Magic
 + Level 2.6 Ice Magic
 + Level 2.6 Air Magic
 + Level 2.6 Earth Magic
 + Level 2.6 Poison Magic
 + Level 3.5 Invocations
 + Level 3.2 Evocations


You had 9 spell levels left.
You knew the following spells:

 Your Spells              Type           Power      Damage    Failure   Level
a - Foxfire               Conj/Fire      84%        2x1d8     1%          1
b - Scorch                Fire           52%        2d8       1%          2
c - Inner Flame           Hex/Fire       20%        N/A       6%          3
d - Flame Wave            Conj/Fire      21%        2d8       19%         4

Your spell library contained the following spells:

 Spells                   Type           Power      Damage    Failure   Level
 Conjure Flame            Conj/Fire      21%        6-21      5%          3
 Ozocubu's Armour         Ice            14%        N/A       13%         3
 Ozocubu's Refrigeration  Ice            7%         4d9       100%        7


Dungeon Overview and Level Annotations

Branches:
Dungeon (5/15)
 Temple: D:4-7

Altars:
Gozag
Okawaru
Ru


Innate Abilities, Weirdness & Mutations

You are a tree.
Your roots penetrate the ground, keeping you stationary.
You cannot be teleported.
You are immune to unholy pain and torment.
Your maximum health is greatly increased.
Your equipment is partially melded.
((You have very sharp teeth.))
Your uncanny sense of smell can sniff out nearby items.
Your experience applies equally to all skills.


Message History

The orc priest is no longer more vulnerable to fire. x2
The orc priest hits you but does no damage.
The orc priest barely misses you.
You hit the orc priest.
The orc priest is almost dead.
The orc priest completely misses you.
The orc priest miscasts a cantrip.
You closely miss the orc priest.
The orc priest is almost dead.
The orc priest invokes the aid of Beogh against you.
Beogh smites you!
* * * LOW HITPOINT WARNING * * *
The orc priest hits you with a +0 mace.
* * * LOW HITPOINT WARNING * * *
Casting: Scorch (safe; 2% risk of failure)
Confirm with . or Enter, or press ? or * to list all spells.
You miscast Scorch.
You are very lightly contaminated with residual magic.
Nothing appears to happen.
The orc priest hits you but does no damage.
The orc priest barely misses you.
You are confused.
You feel invigorated. The orc priest hits you with a +0 mace!
* * * LOW HITPOINT WARNING * * *
The orc priest barely misses you.
It was a potion of lignification.
You turn into a tree.
Your +0 cloak melds into your body.
Your +0 leather armour melds into your body.
Your roots penetrate the ground.
The orc priest hits you but does no damage. x2
It was a potion of curing.
You feel better.
You feel less invigorated.
The orc priest hits you but does no damage.
The orc priest invokes the aid of Beogh against you.
Beogh smites you!
* * * LOW HITPOINT WARNING * * *
It was a potion of haste.
You feel yourself speed up.
The orc priest hits you but does no damage.
The orc priest hits you with a +0 mace.
You die...
Your body crumbles into a pile of gold.

. .. #.## ...... ∆
....#.#####
.....$....#########
.......$$.#........
.......o♣o'........
$
..........#........
.....######........
###.......#........
#.......#........
#.......#........
#.......#........
####.......#........
#...............####


You could see 2 orc priests.

Vanquished Creatures
  Grinder (D:3)
  A water moccasin (D:4)
  A gnoll sergeant (D:5)
  A necrophage (D:5)
  2 scorpions (D:4)
  A jelly (D:4)
  A centaur zombie (D:5)
  A hound (D:5)
  2 orc priests
  Ijyb (D:3)
  5 orc wizards
  4 gnolls (D:5)
  7 adders
  An ufetubus (D:5)
  4 worms
  4 dart slugs
  15 orcs
  7 ball pythons
  2 endoplasms
  3 giant cockroaches (D:2)
  10 goblins
  9 hobgoblins
  10 jackals
  3 quokkas
  4 bats
  4 kobolds
  2 rats
106 creatures vanquished.

Vanquished Creatures (others)
  190 foxfires
  9 fungi (D:5)
  4 toadstools (D:5)
203 creatures vanquished.

Grand Total: 309 creatures vanquished

Notes
Turn   | Place    | Note
-------+----------+-------------------------------------------
     0 | D:1      | croobank the Gnoll Fire Elementalist began the quest for
                  | the Orb.
     0 | D:1      | Reached XP level 1. HP: 13/13 MP: 6/6
   133 | D:1      | Reached XP level 2. HP: 16/19 MP: 2/7
   136 | D:1      | Learned a level 2 spell: Scorch
   356 | D:1      | Found a faded altar of an unknown god.
   892 | D:2      | Reached skill level 5 in Spellcasting
   892 | D:2      | Reached XP level 3. HP: 25/25 MP: 3/9
   998 | D:2      | Reached skill level 1 in Invocations
  1122 | D:2      | Reached skill level 1 in Fighting
  1122 | D:2      | Reached skill level 1 in Short Blades
  1122 | D:2      | Reached skill level 1 in Long Blades
  1122 | D:2      | Reached skill level 1 in Axes
  1122 | D:2      | Reached skill level 1 in Maces & Flails
  1122 | D:2      | Reached skill level 1 in Polearms
  1122 | D:2      | Reached skill level 1 in Staves
  1122 | D:2      | Reached skill level 1 in Ranged Weapons
  1122 | D:2      | Reached skill level 1 in Throwing
  1122 | D:2      | Reached skill level 1 in Armour
  1122 | D:2      | Reached skill level 1 in Shields
  1122 | D:2      | Reached skill level 1 in Unarmed Combat
  1122 | D:2      | Reached skill level 1 in Evocations
  1449 | D:2      | Reached XP level 4. HP: 29/32 MP: 6/11
  1803 | D:2      | Reached skill level 1 in Hexes
  1803 | D:2      | Reached skill level 1 in Summonings
  1803 | D:2      | Reached skill level 1 in Necromancy
  1803 | D:2      | Reached skill level 1 in Translocations
  1803 | D:2      | Reached skill level 1 in Transmutations
  1803 | D:2      | Reached skill level 1 in Ice Magic
  1803 | D:2      | Reached skill level 1 in Air Magic
  1803 | D:2      | Reached skill level 1 in Earth Magic
  1803 | D:2      | Reached skill level 1 in Poison Magic
  1915 | D:3      | Noticed Grinder
  1920 | D:3      | Paralysed by Grinder for 3 turns
  1931 | D:3      | Killed Grinder
  1932 | D:3      | Reached skill level 5 in Dodging
  1932 | D:3      | Reached XP level 5. HP: 21/38 MP: 0/12
  1932 | D:3      | Reached XP level 6. HP: 25/44 MP: 0/14
  2544 | D:3      | Noticed Ijyb
  2550 | D:3      | Killed Ijyb
  3567 | D:4      | Found a sacrificial altar of Ru.
  3788 | D:4      | Learned a level 3 spell: Inner Flame
  3865 | D:4      | Found an opulent altar of Gozag.
  3881 | D:4      | Became a worshipper of Gozag Ym Sagoz the Greedy
  3929 | D:4      | Reached XP level 7. HP: 51/51 MP: 4/15
  4010 | D:4      | Learned a level 4 spell: Flame Wave
  4244 | D:4      | Reached skill level 5 in Stealth
  4298 | D:4      | Found an iron altar of Okawaru.
  4744 | D:5      | Entered Level 5 of the Dungeon
  5303 | D:5      | Reached XP level 8. HP: 46/58 MP: 0/16
  5992 | D:5      | HP: 1/58 [orc priest/+0 mace (7)]
  5995 | D:5      | Slain by an orc priest

Illustrated notes

Levels and vault maps discovered:
D:1:      dpeg_arrival_rooms_a, layout_basic,
          hellmonk_ecumenical_altar_crossroads
D:2:      layout_basic
D:3:      layout_loops_corners, minivault_4, kennysheep_generic_room_15,
          uniq_ijyb, uniq_grinder
D:4:      layout_loops_ring, okawaru_altar_gauntlet_db,
          mainiacjoe_overflow_brackets, mainiacjoe_overflow_catwalk,
          kennysheep_generic_room_12
D:5:      cheibrodos_quashed, layout_basic, mainiacjoe_overflow_swirl,
          serial_undead, serial_undead_b, serial_undead_b, serial_undead_d,
          serial_undead_d, minmay_gold_behind_fungi

Skill      XL: |  1  2  3  4  5  6  7  8 |
---------------+-------------------------+-----
Conjurations   | 2 3 |  3.4
Spellcasting   | 5 6 |  6.0
Invocations    | 1 2 3 |  3.5
Fighting       | 1 2 3 |  3.2
Short Blades   | 1 2 3 |  3.2
Long Blades    | 1 2 3 |  3.2
Axes           | 1 2 3 |  3.2
Maces & Flails | 1 2 3 |  3.2
Polearms       | 1 2 3 |  3.2
Staves         | 1 2 3 |  3.2
Ranged Weapons | 1 2 3 |  3.2
Throwing       | 1 2 3 |  3.2
Armour         | 1 2 3 |  3.2
Shields        | 1 2 3 |  3.2
Unarmed Combat | 1 2 3 |  3.2
Evocations     | 1 2 3 |  3.2
Hexes          | 1 2 |  2.6
Summonings     | 1 2 |  2.6
Necromancy     | 1 2 |  2.6
Translocations | 1 2 |  2.6
Transmutations | 1 2 |  2.6
Ice Magic      | 1 2 |  2.6
Air Magic      | 1 2 |  2.6
Earth Magic    | 1 2 |  2.6
Poison Magic   | 1 2 |  2.6
Dodging        | 5 |  5.6
Stealth        | 5 |  5.3
Fire Magic     | 6 |  6.1

Action                   |  1- 3 |  4- 6 |  7- 9 || total
-------------------------+-------+-------+-------++-------
Melee: Unarmed           |    16 |     3 |       ||    19
       Bite              |     4 |     1 |     3 ||     8
       Dagger            |       |     7 |    27 ||    34
       Long sword        |       |     2 |       ||     2
       Punch             |       |     1 |       ||     1
 Cast: Foxfire           |    34 |    31 |    47 ||   112
       Scorch            |    11 |    40 |    51 ||   102
Evoke: Wand              |       |     1 |       ||     1
  Use: Potion            |     1 |       |     4 ||     5
       Scroll            |       |     8 |     5 ||    13
 Stab: Paralysed         |       |     2 |       ||     2
       Sleeping          |       |     2 |     1 ||     3
Armor: Robe              |     5 |     1 |       ||     6
       Leather armour    |       |     1 |     5 ||     6
       Skin              |       |       |     4 ||     4
Dodge: Dodged            |    31 |    13 |    67 ||   111
